 Dungeon Crawl Stone Soup version 0.29-a0-1009-g60c99734e7 (webtiles) character file.

Game seed: 15059454767836499615

0 spaghetti the Caller (level 1, 0/15 HPs)
             Began as a Naga Summoner on Aug 8, 2022.
             Slain by a goblin
             ... wielding a +0 dagger
              (1 damage)
             ... on level 1 of the Dungeon.
             The game lasted 00:00:29 (202 turns).

spaghetti the Caller (Naga Summoner)                 Turns: 202, Time: 00:00:29

Health: 0/15       AC:  1    Str: 10    XL:     1   Next: 10%
Magic:  1/3        EV:  9    Int: 15    God:
Gold:   26         SH:  0    Dex: 11    Spells: 3/4 levels left

rFire   . . .      SeeInvis +   (no weapon)
rCold   . . .      Faith    .   (no shield)
rNeg    . . .      Spirit   .   a - +0 robe
rPois   +          Reflect  .   (no helmet)
rElec   .          Harm     .   (no cloak)
rCorr   .          Rampage  .   (no gloves)
Will    .....                   (no barding)
Stlth   ++........              (no amulet)
HPRegen 0.05/turn               (no ring)
MPRegen 0.08/turn               (no ring)

@: very slow
A: AC +0, large, see invisible, deformed body, poison resistance, slowness 2,
spit poison 1, naga tail 1
a: Spit Poison


You were on level 1 of the Dungeon.
You visited 1 branch of the dungeon, and saw 1 of its levels.

You collected 26 gold pieces.


Innate Abilities, Weirdness & Mutations

Your serpentine skin is tough. (AC +0)
You have supernaturally acute eyesight. (SInv)
Armour fits poorly on your strangely shaped body.
Your system is resistant to poisons. (rPois)
You cover ground very slowly.
You can spit poison.
You have a snake-like lower body.


   Skills:
 + Level 0.0 Fighting
 - Level 1.5 Dodging
 - Level 3.0 Stealth
 + Level 2.0 Spellcasting
 + Level 4.0 Summonings


You had 3 spell levels left.
You knew the following spells:

 Your Spells              Type           Power      Damage    Failure   Level
a - Summon Small Mammal   Summ           52%        N/A       4%          1

Your spell library contained the following spells:

 Spells                   Type           Power      Damage    Failure   Level
 Call Imp                 Summ           13%        N/A       6%          2
 Call Canine Familiar     Summ           13%        N/A       13%         3
 Summon Guardian Golem    Hex/Summ       7%         N/A       28%         3
 Summon Lightning Spire   Summ/Air       7%         N/A       67%         4

Inventory:

Missiles
 c - 5 stones {throwing}
Armour
 a - a +0 robe (worn)
Potions
 b - a potion of magic

Dungeon Overview and Level Annotations

Branches:
Dungeon (1/15) Zot: 5765

Altars:

. #....# .. . .....
... ###.#...# ...? .
#.#.#.:.####.... .##
#.............# ..##
#...#......!..#
#.#...........Sb...##
#.# #.#..#...@B......
#.# ...#....g....##
#.## ###.#...........
#..# #...............
##.###.#.#...........
#.......#########...
##.#.##.# .##
#...##.# # ##..##.#


You could see a giant cockroach (ally target), a goblin, a ball python and a
friendly bat (summoned).


Message History

You miss the frilled lizard.
Your quokka completely misses the frilled lizard.
The frilled lizard bites you.
Your quokka completely misses the frilled lizard. 😮 HP[-1]
You take 1 damage, and now have 9/15 hp.
Aiming: Spit Poison (3% risk of failure)
Press: ? - help, Shift-Dir - straight line, f - frilled lizard
Aim: a frilled lizard (ally target, 31% to hit)
The splash of poison misses the frilled lizard.
The frilled lizard bites you but does no damage.
Your quokka misses the frilled lizard. You hit the frilled lizard.
You kill the frilled lizard!
You have got your breath back.
Your magical contamination has completely faded away. 😮 HP[+1] MP[+1]
Your quokka disappears in a puff of smoke!
Key pressed, stopping explore.
Key pressed, stopping explore.
A giant cockroach comes into view. 😎 HP[+5] MP[+2]
Your hp is fully restored (15).
Your mp is fully restored (3).
A giant cockroach is nearby!
A giant cockroach is nearby!
A goblin comes into view. It is wielding a +0 dagger.
The goblin shouts!
A ball python comes into view.
The ball python hisses angrily.
You hit the giant cockroach. The giant cockroach bites you. 😕 HP[-1]
You take 1 damage, and now have 14/15 hp.
You are too injured to fight recklessly!
You are too injured to fight recklessly!
You are too injured to fight recklessly!
You are too injured to fight recklessly!
You are too injured to fight recklessly!
You are too injured to fight recklessly!
You are too injured to fight recklessly!
You are too injured to fight recklessly!
You are too injured to fight recklessly!
Unknown command.
Casting: Summon Small Mammal (safe; 4% risk of failure)
Confirm with . or Enter, or press ? or * to list all spells.
The giant cockroach closely misses you. 😕 MP[-1]
You lost 1 mp, and now have 2/3 mp.
Casting: Summon Small Mammal (safe; 4% risk of failure)
Confirm with . or Enter, or press ? or * to list all spells.
Your bat barely misses the giant cockroach.
The giant cockroach bites you.
The goblin hits you with a +0 dagger. 😮 HP[-5] MP[-1]
You take 5 damage, and now have 9/15 hp.
MASSIVE DAMAGE!! (PAUSE)
You lost 1 mp, and now have 1/3 mp.
You closely miss the giant cockroach.
Your bat barely misses the giant cockroach.
Your bat barely misses the goblin.
The giant cockroach bites you but does no damage.
The goblin completely misses you. The giant cockroach barely misses you.
You barely miss the giant cockroach. Your bat hits the ball python.
Your bat closely misses the giant cockroach.
The goblin hits you with a +0 dagger. The giant cockroach bites you.
* * * LOW HITPOINT WARNING * * *
Your bat hits the giant cockroach. 😨 HP[-3]
You take 3 damage, and now have 6/15 hp.
Unknown command.
Unknown command.
You closely miss the giant cockroach.
Your bat hits the giant cockroach but does no damage.
The goblin hits you but does no damage. The giant cockroach barely misses you.
Your bat hits the goblin. You closely miss the giant cockroach.
You punch the giant cockroach. Your bat hits the goblin.
Your bat closely misses the ball python.
The goblin barely misses your bat. The ball python bites you.
* * * LOW HITPOINT WARNING * * *
The giant cockroach barely misses you. 😨 HP[-1]
You take 1 damage, and now have 5/15 hp.
Unknown command.
You barely miss the giant cockroach.
Your bat closely misses the giant cockroach.
Your bat barely misses the goblin.
Your bat closely misses the goblin.
The ball python bites you.
* * * LOW HITPOINT WARNING * * *
The giant cockroach bites you but does no damage.
The goblin hits your bat with a +0 dagger.
Your bat dies!
Your bat's corpse disappears in a puff of smoke!
Your bat closely misses the giant cockroach. 😱 HP[-2]
You take 2 damage, and now have 3/15 hp.
You closely miss the giant cockroach.
Your bat barely misses the giant cockroach.
The ball python bites you.
* * * LOW HITPOINT WARNING * * *
The giant cockroach closely misses you. The goblin hits you with a +0 dagger.
You die...

Action                   || total
-------------------------++-------
Melee: Unarmed           ||    11
       Punch             ||     1
 Cast: Summon Small Mamm ||     3
 Abil: Spit Poison       ||     1
Armor: Robe              ||     4
Dodge: Dodged            ||     7

Levels and vault maps discovered:
D:1:      mainiacjoe_arrival_reflecting_pool, layout_basic, serial_shops, shop,
          minmay_distorted

Notes
Turn   | Place    | Note
-------+----------+-------------------------------------------
     0 | D:1      | spaghetti the Naga Summoner began the quest for the Orb.
     0 | D:1      | Reached XP level 1. HP: 15/15 MP: 3/3
     0 | D:1      | magus.rc [v1.9.6]
   201 | D:1      | HP: 3/15 [ball python (2)]
   202 | D:1      | HP: 1/15 [ball python (2)]
   202 | D:1      | Slain by a goblin

Vanquished Creatures
  A frilled lizard (D:1)
1 creature vanquished.

Table legend:
 A = Non-vault XP
 B = Vault XP
 C = Vault XP percentage of total XP
 D = Non-vault monster count
 E = Vault monster count
 F = Vault count percentage of total count
                 A         B        C        D         E       F
            +---------+---------+-------+---------+---------+-------
      Total |       1 |       0 |   0.0 |       1 |       0 |   0.0
            +---------+---------+-------+---------+---------+-------
        D:1 |       1 |       0 |   0.0 |       1 |       0 |   0.0
            +---------+---------+-------+---------+---------+-------

Illustrated notes

Table legend:
 A = Kills in this place as a percentage of kills in entire the game.
 B = Kills by you in this place as a percentage of kills by you in the entire game.
 C = Kills by friends in this place as a percentage of kills by friends in the entire game.
 D = Other kills in this place as a percentage of other kills in the entire game.
 E = Experience gained in this place as a percentage of experience gained in the entire game.
 F = Experience gained in this place divided by the number of levels of this place that you have seen.
                   A       B       C       D       E      F
               +-------+-------+-------+-------+-------+----------------------
         Total | 100.0 | 100.0 |   N/A |   N/A | 100.0 |   1.0
       Dungeon | 100.0 | 100.0 |   N/A |   N/A | 100.0 |   1.0
               +-------+-------+-------+-------+-------+----------------------

Table legend: (Time is in decaauts)
 A = Elapsed time spent in this place.
 B = Non-inter-level travel time spent in this place.
 C = Inter-level travel time spent in this place.
 D = Time resting spent in this place.
 E = Time spent auto-exploring this place.
 F = Levels seen in this place.
 G = Mean time per level.
                   A        B        C        D        E       F      G
               +--------+--------+--------+--------+--------+-----+--------+
         Total |    234 |    234 |      0 |      0 |    207 |   1 |  234.0 |
       Dungeon |    234 |    234 |      0 |      0 |    207 |   1 |  234.0 |
               +--------+--------+--------+--------+--------+-----+--------+

Top non-repeatable levels by time:
     D:1: 234 daAuts
